 Dungeon Crawl Stone Soup version 0.22-b1-21-g5cfc168 (webtiles) character file.

59161 Gorglomux the Slicer (level 14, -11/79 HPs)
             Began as a Spriggan Chaos Knight on Aug 4, 2018.
             Engulfed by a cloud of flame (23 damage)
             ... on level 14 of the Dungeon.
             The game lasted 01:04:03 (25911 turns).

Gorglomux the Slicer (Spriggan Chaos Knight)       Turns: 25911, Time: 01:04:04

Health: -11/79     AC: 14    Str:  6 (8)  XL:     14   Next: 52%
Magic:  29/29      EV: 26    Int: 16      God:    Xom [.....*]
Gold:   1768       SH:  0    Dex: 20      Spells: 19/33 levels left

rFire    . . .     SeeInvis +   N - +2 dagger (holy)
rCold    + . .     Gourm    .   (shield restricted)
rNeg     . . .     Faith    .   f - +0 troll leather armour
rPois    +         Spirit   .   (helmet restricted)
rElec    +         Reflect  .   (no cloak)
rCorr    .         Harm     .   (gloves unavailable)
MR       ++++.                  (boots unavailable)
Stlth    ++++++....             r - amulet of regeneration {god gift}
HPRegen  1.03/turn              x - ring of stealth
MPRegen  0.21/turn              O - +4 ring of protection

@: about to teleport, very quick
A: very small, unfitting armour, molten scales 1, thin metallic scales 2, see
invisible, clever 1, cold resistance 1, deterioration 1, herbivore, speed 3,
magic resistance 2, poison resistance, shaggy fur 1, electricity resistance,
slow metabolism 2, evolution 1
a: Renounce Religion


You were on level 14 of the Dungeon.
You worshipped Xom.
You were Xom's teddy bear.
You were not hungry.

You visited 2 branches of the dungeon, and saw 20 of its levels.

You collected 1768 gold pieces.

Inventory:

Hand Weapons
 a - a +1 dagger of electrocution
 b - a +3 dagger of venom
 t - a +1 rapier of draining
 N - a +2 dagger of holy wrath (weapon)
Missiles
 Z - 2 throwing nets (quivered)
Armour
 f - a +0 troll leather armour (worn)
Jewellery
 r - an amulet of regeneration (around neck) {god gift}
 x - a ring of stealth (left hand)
 O - a +4 ring of protection (right hand)
 U - the amulet "Naerown" {god gift, Reflect *Slow rPois Dex+8 SH+2}
   (Xom gifted it to you on level 2 of the Lair of Beasts)

   [amulet of reflection]

   It shields you and reflects attacks.
   It affects your dexterity (+8).
   It protects you from poison.
   It may slow you when you take damage.
   It affects your SH (+2).
Wands
 A - a wand of acid (14)
 D - a wand of digging (5)
 E - a wand of enslavement (9)
 F - a wand of flame (26)
 H - a wand of disintegration (12)
 I - a wand of iceblast (23)
 L - a wand of polymorph (51)
 P - a wand of paralysis (18)
 S - a wand of scattershot (2)
Scrolls
 d - 3 scrolls of noise
 e - 13 scrolls of remove curse
 g - a scroll of fog
 j - 5 scrolls of immolation
 l - a scroll of acquirement
 m - 5 scrolls of amnesia
 s - 3 scrolls of enchant weapon
 B - 4 scrolls of blinking
 K - 2 scrolls of fear
 M - 3 scrolls of magic mapping
 T - 6 scrolls of teleportation
 V - a scroll of random uselessness
 W - 3 scrolls of enchant armour
Potions
 h - 3 potions of might
 i - 3 potions of haste
 k - 2 potions of ambrosia
 n - 2 potions of resistance
 q - 3 potions of berserk rage
 u - 3 potions of flight
 v - 2 potions of agility
 w - a potion of mutation {!q}
 z - 5 potions of heal wounds
 C - a potion of cancellation
 G - 3 potions of invisibility
 J - a potion of brilliance
 Q - 5 potions of curing
Miscellaneous
 X - a phial of floods (inert)
 Y - a lamp of fire (inert)
Comestibles
 c - 36 rations


   Skills:
 + Level 11.6 Fighting
 + Level 13.5 Short Blades
 + Level 2.4 Armour
 - Level 10.4 Dodging
 - Level 13.0 Stealth
 + Level 10.0 Spellcasting
 + Level 10.0 Hexes
 - Level 4.0 Translocations
 - Level 10.0 Evocations


You had 19 spell levels left.
You knew the following spells:

 Your Spells              Type           Power        Failure   Level  Hunger
a - Cause Fear            Hex            #####.....   2%          4    ###....
d - Blink                 Tloc           N/A          4%          2    None
q - Dazzling Spray        Conj/Hex       ###...       5%          3    None
x - Confuse               Hex            #####...     1%          3    None
z - Ensorcelled Hibernat  Hex/Ice        ###...       2%          2    None

Your spell library contained the following spells:

 Spells                   Type           Power        Failure   Level  Hunger
 Fireball                 Conj/Fire      #.........   98%         5    #####..
 Conjure Flame            Conj/Fire      #.......     38%         3    None
 Bolt of Cold             Conj/Ice       #.........   100%        6    ######.
 Slow                     Hex            #####...     1%          2    None
 Throw Flame              Conj/Fire      #.....       21%         2    None
 Throw Frost              Conj/Ice       #.....       21%         2    None
 Freezing Cloud           Conj/Ice/Air   #.........   100%        6    ######.
 Mephitic Cloud           Conj/Pois/Air  #.......     38%         3    None
 Ring of Flames           Chrm/Fire      #.........   100%        7    #######
 Teleport Other           Tloc           ###.....     8%          3    None
 Freeze                   Ice            #...         14%         1    None
 Ozocubu's Refrigeration  Ice            #.........   100%        6    ######.
 Sticky Flame             Conj/Fire      #.......     80%         4    ###....
 Summon Ice Beast         Ice/Summ       #.......     80%         4    ###....
 Ozocubu's Armour         Chrm/Ice       #.......     38%         3    None
 Tukima's Dance           Hex            #####...     1%          3    None
 Stone Arrow              Conj/Erth      #.....       38%         3    None
 Ice Form                 Ice/Tmut       #.......     80%         4    ###....
 Deflect Missiles         Chrm/Air       #.........   100%        6    ######.
 Throw Icicle             Conj/Ice       #.......     80%         4    ###....
 Flame Tongue             Conj/Fire      #....        14%         1    None
 Passwall                 Tmut/Erth      #.......     21%         2    None
 Metabolic Englaciation   Hex/Ice        ###.......   43%         5    #####..
 Silence                  Hex/Air        ###.......   43%         5    #####..
 Corona                   Hex            #####..      1%          1    None
 Lee's Rapid Deconstruct  Erth           #.........   98%         5    #####..
 Sandblast                Erth           #.....       14%         1    None
 Simulacrum               Ice/Necr       #.........   100%        6    ######.
 Portal Projectile        Hex/Tloc       ####..       2%          3    None
 Petrify                  Tmut/Erth      #.......     80%         4    ###....
 Passage of Golubria      Tloc           N/A          26%         4    ###....
 Leda's Liquefaction      Hex/Erth       ###.......   17%         4    ###....
 Shroud of Golubria       Chrm/Tloc      ##........   9%          2    None
 Inner Flame              Hex/Fire       ###.....     5%          3    None
 Discord                  Hex            #####.....   100%        8    #######
 Gell's Gravitas          Tloc           ###.......   8%          3    None
 Yara's Violent Unravell  Hex/Tmut       ###.......   43%         5    #####..
 Lesser Beckoning         Tloc           ###.......   8%          3    None
 Poisonous Vapours        Pois/Air       #.....       21%         2    None


Dungeon Overview and Level Annotations

Branches:
Dungeon (14/15)            Temple (0/1) D:6            Lair (6/6) D:8
 Shoals (0/4) Lair:3        Snake (0/4) Lair:3        Slime (0/5) Lair:6
    Orc (0/2) D:10         Vaults (0/5) D:13

Altars:
Dithmenos
Elyvilon
Fedhas
Gozag
Kikubaaqudgha
Makhleb
Okawaru
Ru
Sif Muna
Uskayaw
Wu Jian
Xom
Zin
Jiyva

Shops:
D:9 *

Portals:
Labyrinth: D:14

Annotations:
D:4 Menkaure
D:12 3 runed doors, Teehusk's ghost, journeyman GrFi
Lair:1 36 exclusions
Lair:4 3 runed doors, Wabbos's ghost, journeyman MiFi


Innate Abilities, Weirdness & Mutations

You are very small and have problems with some larger weapons.
You are too small for most types of armour.
You have supernaturally acute eyesight. (SInv)
You are a herbivore.
You cover ground extremely quickly.
You need to consume almost no food.
You are partially covered in molten scales. (AC +2)
You are mostly covered in thin metallic scales. (AC +3)
Your mind is acute. (Int +2)
Your flesh is cold resistant. (rC+)
Your body sometimes deteriorates upon taking damage.
You are highly resistant to hostile enchantments. (MR++)
Your system is resistant to poisons. (rPois)
You are covered in fur. (AC +1)
You are resistant to electric shocks. (rElec)
You evolve.


Message History

The skeletal warrior is moderately damaged!
Butt are engulfed in blazing flames!
The skeletal warrior is engulfed in blazing flames!
The skeletal warrior is engulfed in butt flames!
The skeletal butt hits the skeletal warrior with a BATTLEAXE of chaos!!!!!!!!!
The skeletal warrior freezes the skeletal warrior!
The butt warrior is destroyed!!!
The skeletal warrior hits you with a BATTLEAXE of chaos!!! * * * don't die
* * * Unknown butt!
You skewer the skeletal warrior but do no damage!
The skeletal warrior is heavily damaged!
Butt are engulfed in butt flames! * * * don't die
* * * Your body deteriorates!!!
You feel butt!
The skeletal warrior completely misses butt!
Unknown command!
You feel better!
You are engulfed in blazing flames! rip Xom giggles madly!!!

#....# #........#
#_...# #....(...#
#.___#####.)......#
#__.....##(.......##
#.._.##..'........'.
#_...#####........##
#....# #.......<#
###z## ##'####### #@#
#.(# #z## ##)# #§c# #.#
#######.#### #(#
.....c.z...# ##.######
......._...###.).....#
...........#.........#
.z.........#.#.........
...z.........#.......#.


You could see 3 skeletal warriors and a centaur.

Vanquished Creatures
  Rupert (D:13)
  A frost giant (D:12)
  A dire elephant (Lair:6)
  4 hydras
  A vault guard (D:13)
  A merfolk avatar (Lair:6)
  2 catoblepae
  A satyr (Lair:6)
  2 centaur warriors
  3 death yaks
  5 two-headed ogres
  Urug (Lair:4)
  Sonja (D:10)
  A skeletal warrior (D:14)
  A sea snake (Lair:5)
  A harpy (Lair:6)
  2 manticores
  A salamander (shapeshifter) (D:13)
  8 cyclopes
  A merfolk siren (Lair:3)
  3 elephants (Lair:6)
  7 black mambas
  A guardian serpent (shapeshifter) (D:14)
  3 centaur zombies
  11 spiny frogs
  5 rime drakes
  7 komodo dragons
  A yaktaur (shapeshifter) (D:13)
  A tengu conjurer (D:13)
  3 merfolk (Lair:3)
  4 polar bears (Lair:6)
  3 trolls
  A wind drake (Lair:6)
  2 hornets
  5 blink frogs
  A meliai zombie (D:9)
  Prince Ribbit (D:5)
  4 hippogriffs
  3 wyverns
  A steam dragon (D:8)
  23 yaks
  A hog (Lair:4)
  A hungry ghost (D:13)
  10 vampire mosquitoes
  An acid dragon (D:13)
  3 nagas (Lair:3)
  2 hell hounds (D:8)
  19 water moccasins
  A black bear (Lair:1)
  6 porcupines
  9 ice beasts
  A swamp drake (Lair:4)
  6 orc warriors
  3 phantoms
  2 eyes of draining
  14 centaurs
  2 sky beasts
  9 wolves
  6 ogres
  15 crocodiles
  20 bullfrogs
  2 big kobolds (D:8)
  A wyvern zombie (D:8)
  4 scorpions
  6 killer bees
  A howler monkey (D:13)
  8 wights
  An electric eel (Lair:3)
  6 crimson imps
  A quasit (D:10)
  A bullfrog zombie (D:12)
  11 hounds
  2 jellies
  10 orc priests
  5 bullfrog skeletons
  An iron imp (D:4)
  5 centaur skeletons
  9 hell rats (Lair:2)
  Terence (D:2)
  4 iguanas
  22 orc wizards
  11 worker ants
  A hound skeleton (D:5)
  A worker ant zombie (D:7)
  14 gnolls
  11 adders
  2 gnolls (shapeshifter)
  14 river rats (Lair:2)
  4 shadow imps
  2 oozes
  2 adder zombies
  An adder skeleton (D:9)
  2 worms (D:2)
  A dart slug (D:2)
  6 leopard geckos
  53 orcs
  6 giant cockroaches
  6 goblins
  8 hobgoblins
  6 jackals
  9 kobolds
  13 quokkas
  3 ball pythons
  3 bats
  5 frilled lizards
  A giant cockroach zombie (D:6)
  30 rats
  A plant (Lair:3)
577 creatures vanquished.

Vanquished Creatures (collateral kills)
  A two-headed ogre (D:13)
  Psyche (D:10)
  2 blink frogs (Lair:4)
  A basilisk (Lair:5)
  A water moccasin (Lair:5)
  An ice beast (D:10)
  A centaur (D:13)
  A wyvern skeleton (D:7)
  A hell rat (Lair:2)
  2 orcs (D:5)
  2 kobolds (D:8)
14 creatures vanquished.

Vanquished Creatures (others)
  A dancing weapon (D:13)
  2 yaks (D:10)
  A centaur (D:14)
  An orc wizard (D:7)
  3 orcs
  9 fungi
  11 plants
28 creatures vanquished.

Grand Total: 619 creatures vanquished

Notes
Turn   | Place    | Note
-------+----------+-------------------------------------------
     0 | D:1      | Gorglomux the Spriggan Chaos Knight began the quest for the Orb.
     0 | D:1      | Reached XP level 1. HP: 11/11 MP: 2/2
    47 | D:1      | XOM: butterfly on damage
    68 | D:1      | Reached skill level 1 in Stealth
    88 | D:1      | Reached XP level 2. HP: 14/16 MP: 3/3
   388 | D:1      | XOM: divination: detect items
   449 | D:1      | Reached skill level 3 in Fighting
   449 | D:1      | Reached skill level 3 in Stealth
   449 | D:1      | Reached XP level 3. HP: 20/20 MP: 4/4
   554 | D:1      | XOM: silly message
   556 | D:1      | XOM: harmless Pois miscast
   587 | D:1      | XOM: harmless Necr miscast
   835 | D:2      | XOM: scenery: create altars
   889 | D:2      | Found a shadowy altar of Dithmenos.
  1112 | D:2      | Found an ancient bone altar of Kikubaaqudgha.
  1130 | D:2      | Found a deep blue altar of Sif Muna.
  1130 | D:2      | Found an iron altar of Okawaru.
  1135 | D:2      | Reached XP level 4. HP: 24/24 MP: 5/5
  1203 | D:2      | XOM: harmless Necr miscast
  1434 | D:2      | XOM: harmless Chrm miscast
  1454 | D:2      | Noticed Terence
  1469 | D:2      | Killed Terence
  1582 | D:3      | Found a burning altar of Makhleb.
  1613 | D:3      | Found a glowing silver altar of Zin.
  1613 | D:3      | Noticed an angel
  1613 | D:3      | Noticed a blizzard demon
  1682 | D:3      | XOM: enchant monster (good)
  1699 | D:3      | XOM: fog
  1707 | D:3      | Reached XP level 5. HP: 19/29 MP: 6/6
  1736 | D:3      | Noticed a centaur
  1736 | D:3      | an adder changed into a centaur
  1736 | D:3      | XOM: polymorph adder -> centaur
  1746 | D:3      | XOM: 6-stop teleportation journey
  1802 | D:3      | XOM: summons 2 hostile demons
  1912 | D:3      | XOM: 4-stop teleportation journey
  1966 | D:3      | XOM: blink monster(s)
  1990 | D:3      | Killed a centaur
  2061 | D:3      | XOM: 2-stop teleportation journey
  2132 | D:3      | XOM: polymorph hound -> gnoll
  2135 | D:3      | Reached XP level 6. HP: 33/34 MP: 7/7
  2164 | D:3      | XOM: give mutations
  2164 | D:3      | Gained mutation: You have an increased reservoir of magic. (+10% MP) [Xom's grace]
  2164 | D:3      | Gained mutation: You are resistant to electric shocks. (rElec) [Xom's grace]
  2164 | D:3      | Gained mutation: Your system is resistant to poisons. (rPois) [Xom's grace]
  2230 | D:3      | Found a faded altar of an unknown god.
  2484 | D:4      | XOM: summons friendly white imp
  2492 | D:4      | XOM: summons friendly ufetubus
  2508 | D:4      | Found a hide-covered altar of Uskayaw.
  2510 | D:4      | Noticed Grinder
  2516 | D:4      | Noticed Grinder
  2516 | D:4      | Grinder changed into Grinder the iron imp
  2516 | D:4      | XOM: polymorph Grinder -> Grinder the iron imp
  2524 | D:4      | Killed Grinder the iron imp
  2674 | D:4      | XOM: scenery: 1 doors open, 1 doors close
  2882 | D:4      | XOM: give mutation
  2882 | D:4      | Gained mutation: You evolve. [Xom's grace]
  2928 | D:4      | XOM: scenery: 1 doors close
  3053 | D:4      | XOM: scenery: create altars
  3082 | D:4      | Noticed Menkaure
  3111 | D:5      | Entered Level 5 of the Dungeon
  3242 | D:5      | Found an ornate altar of the Wu Jian Council.
  3276 | D:5      | XOM: enchant monster (bad)
  3461 | D:5      | XOM: enchant monster (good)
  3461 | D:5      | Reached XP level 7. HP: 35/39 MP: 8/8
  3550 | D:5      | XOM: smoke on damage
  3810 | D:5      | XOM: summons friendly crimson imp
  3909 | D:5      | Reached skill level 6 in Dodging
  4250 | D:5      | XOM: enchant monster (bad)
  4457 | D:5      | XOM: confuse monster(s)
  4780 | D:5      | Reached skill level 6 in Short Blades
  4953 | D:5      | Reached XP level 8. HP: 38/44 MP: 9/9
  5224 | D:5      | XOM: harmless Air miscast
  5269 | D:5      | Noticed Prince Ribbit
  5281 | D:5      | XOM: potion effect (heal wounds)
  5284 | D:5      | Killed Prince Ribbit
  5417 | D:6      | XOM: potion effect (brilliance)
  5428 | D:6      | Reached skill level 6 in Fighting
  5723 | D:6      | XOM: cast spell 'Summon Mana Viper'
  5750 | D:6      | Reached skill level 6 in Stealth
  5789 | D:6      | XOM: god gift: scroll labeled KOOLIFF KEISO {god gift}
  5903 | D:6      | XOM: harmless Hex miscast
  5920 | D:6      | XOM: potion effect (brilliance)
  6296 | D:6      | XOM: potion effect (berserk rage)
  6308 | D:6      | XOM: potion effect (might)
  6454 | D:6      | Found a staircase to the Ecumenical Temple.
  6631 | D:6      | Found a blossoming altar of Fedhas.
  6631 | D:6      | Found a shimmering altar of Xom.
  6736 | D:6      | Reached XP level 9. HP: 47/49 MP: 11/11
  6801 | D:7      | XOM: polymorph worker ant -> steam dragon
  6807 | D:7      | XOM: butterfly on damage
  6851 | D:7      | XOM: polymorph steam dragon -> ooze
  6937 | D:7      | XOM: medium Pois miscast
  6950 | D:7      | XOM: 1-stop teleportation journey
  7049 | D:7      | Reached skill level 1 in Evocations
  7061 | D:7      | Found a white marble altar of Elyvilon.
  7216 | D:7      | XOM: cast spell 'Summon Butterflies'
  7340 | D:7      | XOM: silly message
  7670 | D:7      | XOM: cast spell 'Discord'
  7804 | D:7      | XOM: 3-stop teleportation journey
  7963 | D:7      | XOM: cast spell 'Discord'
  8493 | D:7      | XOM: mild Air miscast
  8670 | D:8      | XOM is BORED!
  8713 | D:8      | XOM: summons friendly shadow imp
  8726 | D:8      | Reached skill level 3 in Evocations
  9039 | D:8      | XOM: cast spell 'Discord'
  9187 | D:8      | XOM: mild Tmut miscast
  9255 | D:8      | Noticed a five-headed hydra
  9289 | D:8      | XOM: enchant monster (bad)
  9293 | D:8      | XOM: cast spell 'Necromutation'
  9321 | D:8      | XOM: enchant monster (good)
  9376 | D:8      | XOM: medium Summ miscast
  9377 | D:8      | Noticed a hellwing
  9714 | D:8      | XOM: harmless Summ miscast
  9727 | D:8      | XOM: swap monsters
  9729 | D:8      | Reached skill level 9 in Stealth
  9930 | D:8      | Found a staircase to the Lair.
  9988 | D:8      | XOM: cast spell 'Summon Butterflies'
  9989 | D:8      | XOM: divine lightning
  9997 | D:8      | XOM: polymorph eye of draining -> blink frog
 10005 | D:8      | XOM: scenery: create altars
 10007 | D:8      | XOM: fog
 10124 | D:8      | XOM: summons friendly sun demon
 10157 | D:8      | XOM: polymorph sun demon -> soul eater
 10279 | D:8      | XOM: give mutation
 10279 | D:8      | Gained mutation: You can translocate small distances at will. [Xom's grace]
 10364 | D:8      | XOM: enchant monster (good)
 10380 | D:8      | XOM: polymorph worker ant -> killer bee
 10444 | D:8      | XOM: scenery: 1 doors open
 10588 | D:9      | XOM: cast spell 'Metabolic Englaciation'
 10589 | D:9      | XOM: summons 4 friendly demons
 10608 | D:9      | Reached skill level 9 in Short Blades
 10608 | D:9      | Reached XP level 10. HP: 39/55 MP: 15/15
 10765 | D:9      | XOM: cloud trail
 10993 | D:9      | XOM: god gift: blue potion {god gift}
 11266 | D:9      | XOM: divine lightning
 11291 | D:9      | Found Hoepn's Serpentskin Sales.
 11438 | D:9      | XOM: destruction
 11486 | D:9      | XOM: scenery: 1 doors close
 11518 | D:9      | XOM: god gift: small malachite amulet {god gift}
 11688 | D:9      | Noticed a two-headed ogre
 11702 | D:9      | XOM: enchant monster (good)
 11725 | D:9      | XOM: divination: detect items
 11734 | D:9      | XOM: divination: magic mapping
 11755 | D:9      | XOM: divination: detect creatures
 11819 | D:9      | XOM: divination: detect creatures
 11822 | D:9      | XOM: enchant monster (bad)
 11831 | D:9      | XOM: confuse monster(s)
 11849 | D:9      | XOM: potion effect (berserk rage)
 11858 | D:9      | XOM: enchant monster (bad)
 11863 | D:9      | Killed a two-headed ogre
 12141 | D:10     | Entered Level 10 of the Dungeon
 12182 | D:10     | XOM: confuse monster(s)
 12195 | D:10     | XOM: god gift: 5 rations {god gift}
 12213 | D:10     | Noticed a cyclops
 12214 | D:10     | Noticed Psyche
 12215 | D:10     | XOM: enchant monster (good)
 12218 | D:10     | Killed Psyche
 12237 | D:10     | Killed a cyclops
 12238 | D:10     | XOM: scenery: create altars
 12294 | D:10     | Noticed Sonja
 12317 | D:10     | Killed Sonja
 12317 | D:10     | Reached skill level 9 in Dodging
 12599 | D:10     | XOM: confuse monster(s)
 12609 | D:10     | XOM: cast spell 'Ring of Flames'
 12611 | D:10     | XOM: medium Conj miscast
 12614 | D:10     | XOM: enchant monster (bad)
 12649 | D:10     | XOM: silly message
 12677 | D:10     | Reached XP level 11. HP: 42/60 MP: 16/16
 12729 | D:10     | XOM: scenery: create altars
 12734 | D:10     | XOM: cast spell 'Death Channel'
 12914 | D:9      | XOM: scenery: 1 doors close
 13389 | D:10     | Noticed a two-headed ogre
 13396 | D:10     | XOM: enchant monster (good)
 13397 | D:10     | XOM: potion effect (berserk rage)
 13402 | D:10     | XOM: potion effect (might)
 13404 | D:10     | Killed a two-headed ogre
 13475 | D:10     | XOM: harmless Necr miscast
 13486 | D:10     | Reached skill level 9 in Fighting
 13493 | D:10     | XOM: harmless Tmut miscast
 13550 | D:10     | XOM: god gift: scroll labeled GISOETZ PERCHYSTY {god gift}
 13716 | D:10     | Found a staircase to the Orcish Mines.
 13780 | D:11     | XOM: potion effect (invisibility)
 13865 | D:11     | XOM: harmless Air miscast
 14214 | D:11     | Noticed a centaur warrior
 14230 | D:11     | Killed a centaur warrior
 14230 | D:11     | Reached skill level 12 in Stealth
 14334 | D:11     | XOM: harmless Air miscast
 14487 | D:11     | XOM: harmless Tloc miscast
 14638 | Lair:1   | Entered Level 1 of the Lair of Beasts
 14639 | Lair:1   | Found a sacrificial altar of Ru.
 14811 | Lair:1   | XOM: harmless Air miscast
 14887 | Lair:1   | XOM: noise
 14905 | Lair:1   | Noticed a six-headed hydra
 14912 | Lair:1   | XOM is BORED!
 14912 | Lair:1   | XOM: noise
 14968 | Lair:1   | XOM: harmless Erth miscast
 14983 | Lair:1   | Killed a six-headed hydra
 15345 | Lair:1   | Got a glittering turquoise ring
 15352 | Lair:1   | XOM: god gift: 3 tomahawks of returning {god gift}
 15495 | Lair:1   | Learned a level 4 spell: Cause Fear
 15607 | Lair:2   | XOM: summons 2 friendly demons
 15708 | Lair:2   | XOM: cloud trail
 15740 | Lair:2   | Reached skill level 1 in Spellcasting
 15740 | Lair:2   | Reached skill level 1 in Hexes
 15853 | Lair:2   | Reached skill level 6 in Evocations
 15865 | Lair:2   | XOM: divination: detect items
 15867 | Lair:2   | XOM: 5-stop teleportation journey
 15874 | Lair:2   | XOM: divine lightning
 15965 | Lair:2   | XOM: summons 11 friendly demons
 16134 | Lair:2   | XOM: god gift: warped ruby amulet {god gift}
 16135 | Lair:2   | Got a warped ruby amulet {god gift}
 16136 | Lair:2   | Identified the amulet "Naerown" {god gift, Reflect *Slow rPois Dex+8 SH+2} (Xom gifted it to you on level 2 of the Lair of Beasts)
 16138 | Lair:2   | Identified the cursed ring "Rubikkoc" {rN+ MP+9 EV-3} (You found it on level 1 of the Lair of Beasts)
 16302 | Lair:2   | XOM: enchant monster (good)
 16715 | Lair:3   | Found a staircase to the Snake Pit.
 16748 | Lair:3   | XOM: potion effect (invisibility)
 16757 | Lair:3   | XOM: confuse monster(s)
 16765 | Lair:3   | XOM: blink monster(s)
 16829 | Lair:3   | Reached XP level 12. HP: 67/67 MP: 19/19
 16851 | Lair:3   | Reached skill level 3 in Spellcasting
 16870 | Lair:3   | Reached skill level 3 in Hexes
 16909 | Lair:3   | XOM: mild Tmut miscast
 16938 | Lair:3   | Found a staircase to the Shoals.
 16970 | Lair:3   | XOM: noise
 16989 | Lair:3   | XOM: cast spell 'Ring of Flames'
 17165 | Lair:3   | XOM: 1-stop teleportation journey
 17173 | Lair:3   | XOM: stat loss: -1 Str (7/8)
 17189 | Lair:3   | XOM: confuse monster(s)
 17394 | Lair:3   | XOM: summons 6 hostile demons
 17449 | Lair:3   | XOM: smoke on damage
 17577 | Lair:3   | XOM: give mutation
 17577 | Lair:3   | Lost mutation: You have an increased reservoir of magic. (+10% MP) [Xom's mischief]
 17633 | Lair:3   | XOM: give mutations
 17633 | Lair:3   | Gained mutation: You are clumsy. (Dex -2) [Xom's mischief]
 17633 | Lair:3   | Lost mutation: You can translocate small distances at will. [Xom's mischief]
 17651 | Lair:3   | Reached skill level 12 in Short Blades
 17853 | Lair:3   | XOM: mild Fire miscast
 17869 | Lair:3   | Lost mutation: You are clumsy. (Dex -2) [evolution]
 18070 | Lair:3   | XOM: summons 6 hostile demons
 18124 | Lair:3   | XOM: give mutations
 18124 | Lair:3   | Gained mutation: You are partially covered in thin metallic scales. (AC +2) [Xom's mischief]
 18124 | Lair:3   | Gained mutation: You are frail. (-10% HP) [Xom's mischief]
 18124 | Lair:3   | Gained mutation: Your body sometimes deteriorates upon taking damage. [Xom's mischief]
 18186 | Lair:4   | Noticed Urug
 18193 | Lair:4   | Killed Urug
 18261 | Lair:4   | Noticed a six-headed hydra
 18264 | Lair:4   | XOM: noise
 18268 | Lair:4   | Killed a six-headed hydra
 18315 | Lair:4   | XOM: polymorph water moccasin -> swamp drake
 18378 | Lair:4   | XOM: polymorph blink frog -> hog
 18385 | Lair:4   | XOM: enchant monster (good)
 18387 | Lair:4   | XOM: enchant monster (good)
 18396 | Lair:4   | XOM: fog
 18406 | Lair:4   | XOM: summons friendly quasit
 18448 | Lair:4   | XOM: scenery: 1 doors open
 18645 | Lair:4   | Noticed a catoblepas
 18678 | Lair:4   | XOM: give mutation
 18678 | Lair:4   | Gained mutation: Your flesh is cold resistant. (rC+) [Xom's grace]
 18680 | Lair:4   | XOM: butterfly on damage
 18713 | Lair:4   | Killed a catoblepas
 18797 | Lair:4   | XOM: scenery: create altars
 18849 | Lair:4   | XOM: scenery: create altars
 18890 | Lair:4   | Found a runed gate.
 18891 | Lair:4   | Found a runed gate.
 18892 | Lair:4   | Found a runed gate.
 18894 | Lair:4   | Noticed Wabbos's ghost (journeyman MiFi)
 18896 | Lair:4   | Found a viscous altar of Jiyva.
 18939 | Lair:4   | XOM: butterfly on damage
 19096 | Lair:4   | XOM: give mutations
 19096 | Lair:4   | Gained mutation: You are covered in fur. (AC +1) [Xom's grace]
 19096 | Lair:4   | Lost mutation: You are frail. (-10% HP) [Xom's grace]
 19096 | Lair:4   | Gained mutation: You are resistant to hostile enchantments. (MR+) [Xom's grace]
 19457 | Lair:5   | XOM: fog
 19470 | Lair:5   | XOM: god gift: 13 gold pieces {god gift}
 19471 | Lair:5   | XOM: confuse monster(s)
 19472 | Lair:5   | Reached skill level 6 in Spellcasting
 19472 | Lair:5   | Reached skill level 6 in Hexes
 19493 | Lair:5   | XOM: summons friendly ufetubus
 19494 | Lair:5   | XOM: confuse monster(s)
 19610 | Lair:5   | Identified a scroll of acquirement
 19802 | Lair:6   | Entered Level 6 of the Lair of Beasts
 19807 | Lair:6   | Reached skill level 9 in Evocations
 19810 | Lair:6   | Noticed a death yak
 19810 | Lair:6   | Noticed a death yak
 19813 | Lair:6   | Noticed a death yak
 19816 | Lair:6   | Noticed a death yak
 19819 | Lair:6   | XOM: summons friendly shadow imp
 19847 | Lair:5   | XOM: cleaving
 19890 | Lair:5   | XOM: summons friendly quasit
 20023 | Lair:5   | XOM: divination: detect items
 20085 | Lair:4   | XOM: destruction
 20110 | Lair:4   | Killed a death yak
 20122 | Lair:5   | XOM: summons friendly ufetubus
 20130 | Lair:5   | XOM: cast spell 'Olgreb's Toxic Radiance'
 20306 | Lair:5   | XOM: potion effect (brilliance)
 20309 | Lair:4   | XOM: potion effect (brilliance)
 20371 | Lair:5   | XOM: silly message
 20386 | Lair:5   | Killed a death yak
 20391 | Lair:5   | Learned a level 3 spell: Confuse
 20394 | Lair:5   | Learned a level 2 spell: Ensorcelled Hibernation
 20397 | Lair:5   | Learned a level 2 spell: Blink
 20401 | Lair:5   | Learned a level 3 spell: Dazzling Spray
 20435 | Lair:5   | Reached XP level 13. HP: 39/72 MP: 24/24
 20862 | Lair:6   | XOM: enchant monster (bad)
 20873 | Lair:6   | Found a staircase to the Slime Pits.
 20873 | Lair:6   | XOM: 1-stop teleportation journey
 20877 | Lair:6   | XOM: fog
 20954 | Lair:6   | XOM: give mutation
 20954 | Lair:6   | Gained mutation: Your mind is acute. (Int +2) [Xom's grace]
 21069 | Lair:6   | XOM: summons 10 friendly demons
 21325 | Lair:6   | XOM: cleaving
 21330 | Lair:6   | XOM: scenery: create altars
 21338 | Lair:6   | XOM: fog
 21487 | Lair:6   | Noticed a dire elephant
 21511 | Lair:6   | XOM: harmless Conj miscast
 21538 | Lair:6   | XOM: divination: detect items
 21539 | Lair:6   | Killed a dire elephant
 21551 | Lair:6   | XOM: god gift: 24 gold pieces {god gift}
 21607 | Lair:6   | XOM: harmless Tmut miscast
 21611 | Lair:6   | XOM: divination: magic mapping
 21615 | Lair:6   | XOM: potion effect (magic)
 21624 | Lair:6   | XOM: destruction
 21694 | Lair:6   | XOM: cleaving
 21695 | Lair:6   | XOM: polymorph six-headed hydra -> satyr
 22462 | Lair:6   | XOM is BORED!
 22721 | D:9      | XOM: cloud trail
 22886 | D:12     | XOM: destruction
 23112 | D:12     | XOM: cleaving
 23156 | D:12     | XOM is BORED!
 23167 | D:12     | Noticed a frost giant
 23168 | D:12     | Reached skill level 9 in Spellcasting
 23188 | D:12     | XOM: confuse monster(s)
 23195 | D:12     | XOM: 4-stop teleportation journey
 23235 | D:12     | Found a runed gate.
 23236 | D:12     | Found a runed gate.
 23236 | D:12     | Found an opulent altar of Gozag.
 23237 | D:12     | Found a runed gate.
 23240 | D:12     | Noticed Teehusk's ghost (journeyman GrFi)
 23380 | D:12     | XOM: noise
 23403 | D:12     | Reached skill level 9 in Hexes
 23728 | D:12     | XOM: enchant monster (good)
 23731 | D:12     | Killed a frost giant
 23731 | D:12     | Reached skill level 1 in Translocations
 23918 | D:13     | Reached XP level 14. HP: 79/79 MP: 28/28
 24101 | D:13     | XOM: enchant monster (good)
 24193 | D:13     | Noticed Rupert
 24208 | D:13     | XOM: god gift: 18 stones {god gift}
 24232 | D:13     | XOM: cloud trail
 24257 | D:13     | XOM: divination: magic mapping
 24362 | D:13     | Reached skill level 1 in Armour
 24420 | D:13     | Found a gate to the Vaults.
 24458 | D:13     | XOM: harmless Hex miscast
 24481 | D:13     | Reached skill level 3 in Translocations
 24514 | D:13     | Got a dazzling buckler
 24515 | D:13     | Identified the cursed +0 buckler of Ziggoajo {-Cast rPois Regen+ Stlth+} (You found it on level 13 of the Dungeon)
 24575 | D:13     | XOM is BORED!
 24575 | D:13     | XOM: medium Erth miscast
 24575 | D:13     | XOM: smoke on damage
 24583 | D:13     | XOM: summons friendly ufetubus
 24591 | D:13     | XOM: summons 2 friendly demons
 24599 | D:13     | XOM: cast spell 'Summon Small Mammal'
 24603 | D:13     | XOM: scenery: 1 doors open
 24629 | D:13     | XOM: potion effect (might)
 24665 | D:13     | XOM: cleaving
 24904 | D:13     | XOM: summons 3 friendly demons
 24922 | D:13     | XOM: 5-stop teleportation journey
 25144 | D:13     | XOM: summons 9 friendly demons
 25197 | D:13     | Gained mutation: You are partially covered in molten scales. (AC +2) [evolution]
 25271 | D:13     | XOM: give mutations
 25271 | D:13     | Gained mutation: You are mostly covered in thin metallic scales. (AC +3) [Xom's grace]
 25271 | D:13     | Gained mutation: You are highly resistant to hostile enchantments. (MR++) [Xom's grace]
 25287 | D:13     | XOM: summons 7 friendly demons
 25299 | D:13     | Killed Rupert
 25498 | D:14     | Found a labyrinth entrance.
 25563 | D:14     | XOM: summons 5 friendly demons
 25565 | D:14     | XOM: divination: detect creatures
 25578 | D:14     | XOM: summons friendly shadow imp
 25594 | D:14     | XOM: divine lightning
 25625 | D:14     | XOM: destruction
 25628 | D:14     | XOM: enchant monster (bad)
 25629 | D:14     | XOM: scenery: 1 doors open, 1 doors close
 25639 | D:14     | XOM: 3-stop teleportation journey
 25893 | D:14     | XOM: chaos upgrade
 25904 | D:14     | XOM: scenery: create altars
 25906 | D:14     | XOM: swap monsters
 25911 | D:14     | Engulfed by a cloud of flame

Skill      XL: |  1  2  3  4  5  6  7  8  9 10 11 12 13 14 |
---------------+-------------------------------------------+-----
Stealth        | 2 3 4 7 9 11 12 13 | 13.0
Fighting       | 3 4 5 6 7 8 9 10 11 | 11.6
Dodging        | 4 5 6 8 9 10 | 10.4
Short Blades   | 4 5 6 7 9 10 11 12 13 | 13.5
Evocations     | 4 6 9 10 | 10.0
Spellcasting   | 2 6 9 10 | 10.0
Hexes          | 2 6 9 10 | 10.0
Translocations | 1 4 |  4.0
Armour         | 2 |  2.4

Action                   |  1- 3 |  4- 6 |  7- 9 | 10-12 | 13-15 || total
-------------------------+-------+-------+-------+-------+-------++-------
Melee: Short sword       |    89 |   168 |   163 |    20 |       ||   440
       Dagger            |       |    26 |   466 |  1016 |    95 ||  1603
       Unarmed           |       |       |     6 |       |       ||     6
       Rapier            |       |       |       |   155 |   833 ||   988
 Fire: Hunting sling     |       |    41 |       |    11 |       ||    52
Throw: Stone             |       |       |       |    33 |       ||    33
 Cast: Cause Fear        |       |       |       |     1 |    10 ||    11
       Confuse           |       |       |       |       |    47 ||    47
       Dazzling Spray    |       |       |       |       |    29 ||    29
       Ensorcelled Hiber |       |       |       |       |    19 ||    19
       Blink             |       |       |       |       |     1 ||     1
 Abil: Blink             |       |       |       |     1 |       ||     1
Evoke: Wand              |       |       |     1 |    35 |    13 ||    49
       Phial of floods   |       |       |       |     1 |     2 ||     3
       Lamp of fire      |       |       |       |       |     2 ||     2
  Use: Scroll            |       |     2 |     1 |    26 |     5 ||    34
       Potion            |       |       |     2 |     1 |     1 ||     4
 Stab: Sleeping          |     3 |     7 |    13 |    37 |    38 ||    98
       Confused          |       |     2 |     2 |     5 |    23 ||    32
       Paralysed         |       |     2 |     3 |     5 |       ||    10
       Petrified         |       |     1 |       |       |     5 ||     6
       Distracted        |       |     1 |     1 |     2 |     9 ||    13
       Petrifying        |       |     1 |     1 |       |     5 ||     7
       Invisible         |       |       |       |     1 |     8 ||     9
       Fleeing           |       |       |       |       |     2 ||     2
  Eat: Ration            |       |       |     4 |     6 |     5 ||    15
Armor: Robe              |     9 |    18 |    30 |    66 |    49 ||   172
       Troll leather arm |       |       |       |       |    57 ||    57
Dodge: Dodged            |    56 |   163 |   443 |   804 |   726 ||  2192
